cohdb
Replays
Latest Replays
All Replays
Popular Replays
Top Player Replays
Match Explorer
How It Works
Community
CoH3 Stats
Reddit
Sign in to upload your games and track your stats! →
Sign in with Steam
Match 43197592
Unlisted
Match 43197592
Overview
Messages
Build Orders
End
Construct Infanterie Kompanie
Selects Mechanized Battlegroup
Grenadier Squad
Grenadier Squad
Grenadier Squad
MG 42 Machine Gun Team
Kettenkrad Recon Vehicle
Infanterie Officer Quarters
Grenadier Squad
Construct Luftwaffe Kompanie
Construct Panzergrenadier Kompanie
Selects Raid Package
Panzergrenadier Squad
Medical Bunker
Selects 8 Rad Armored Car
8 Rad Armored Car
Pak 40 Anti-tank Gun Team
Selects UNKNOWN (2160084)
Construct Panzer Kompanie
Goodvyn
Divine Fury
0
0
Comments
sign in to comment!
No comments posted yet!